AoeStats
← tengo_hambre_3000

Arabia

510575244Analyzed
1v1 RM · 1d ago on Oct 1, 2026· 15m 48s· 2 players
Game mode
Random Map
Map size
Tiny (2 player)
Population
200
Speed
Normal
Resources
Standard
Victory
Conquest
Starting age
Dark Age
Ending age
Imperial Age
RankedLock teamsTeams togetherTeam positionsShared explorationLock speedFull tech treeHidden civsTurbo modeCheats
Victory
Defeat
🇦🇷 Berbers · Argentina
1462
+16
🇺🇸 Malay · United States
1455
-16
shh_haw
3:29 Loom
10:03 Feudal Age
9:57 Double-Bit Axe
11:13 Horse Collar
13:17 Town Watch
15:49 Fletching
tengo_hambre_3000
6:48 Loom
9:05 Feudal Age
9:32 Double-Bit Axe
13:34 Horse Collar
Connection lost

Rejoining the realm…

Still unreachable

The connection could not be restored.

Session expired

The server has moved on; the page needs a fresh start.